 Dungeon Crawl Stone Soup version 0.29.0-11-gd7f09526c8 (webtiles) character file.

Game seed: 9796587735923257505

458 RascalDebosk the Trooper (level 6, 0/47 (55) HPs)
             Began as a Minotaur Monk on Sept 3, 2022.
             Slain by Edmund
             ... wielding a +0 flail of draining
              (1 damage)
             ... on level 4 of the Dungeon.
             The game lasted 00:23:02 (3421 turns).

RascalDebosk the Trooper (Minotaur Monk)            Turns: 3421, Time: 00:23:02

HP:   0/47 (55)     AC:  8    Str: 16    XL:     6   Next: 77%
MP:   6/6           EV:  7    Int:  7    God:
Gold: 256           SH:  6    Dex: 14    Spells: 5/5 levels left

rFire   . . .      SeeInvis .   a - +0 spear
rCold   . . .      Faith    .   i - +2 buckler
rNeg    . . .      Spirit   .   y - +0 chain mail
rPois   +          Reflect  .   (helmet restricted)
rElec   .          Harm     .   (no cloak)
rCorr   .          Rampage  .   (no gloves)
Will    .....                   (no boots)
Stlth   ..........              (no amulet)
HPRegen 0.15/turn               x - ring of poison resistance
MPRegen 0.10/turn               (no ring)

@: heavily drained
A: horns 2, retaliatory headbutt
a: no special abilities


You were on level 4 of the Dungeon.
You visited 1 branch of the dungeon, and saw 4 of its levels.

You collected 256 gold pieces.

Inventory:

Hand Weapons
 a - a +0 spear (weapon)
Missiles
 f - a javelin (quivered)
Armour
 i - a +2 buckler (worn)
 y - a +0 chain mail (worn)
Jewellery
 x - a ring of poison resistance (left hand)
Wands
 q - a wand of light (12)
Scrolls
 k - a scroll of torment {unknown}
 l - 2 scrolls of noise {unknown}
 o - a scroll of enchant weapon {unknown}
 p - 2 scrolls of immolation {unknown}
 r - a scroll of silence {unknown}
 s - a scroll of amnesia {unknown}
 t - a scroll of poison {unknown}
 v - 2 scrolls of enchant armour {unknown}
 w - 2 scrolls of vulnerability {unknown}
Potions
 c - a potion of ambrosia
 d - a potion of attraction
 e - 2 potions of lignification
 g - a potion of curing {unknown}
 h - a potion of heal wounds {unknown}
 j - 2 potions of haste
 u - 2 potions of berserk rage
 z - a potion of mutation {unknown}
 A - a potion of flight {unknown}
 B - a potion of invisibility {unknown}


   Skills:
 + Level 4.8 Fighting
 + Level 4.6 Polearms
 + Level 2.3 Throwing
 + Level 0.8 Armour
 - Level 4.1 Dodging
 - Level 2.1 Stealth
 + Level 2.0 Shields
 + Level 2.2 Invocations
 * Level 2.6 Evocations


You had 5 spell levels left.
You didn't know any spells.
Your spell library contained the following spells:

 Spells                   Type           Power      Damage    Failure   Level
 Summon Small Mammal      Summ           0%         N/A       100%        1
 Call Canine Familiar     Summ           0%         N/A       100%        3
 Summon Guardian Golem    Hex/Summ       0%         N/A       100%        3


Dungeon Overview and Level Annotations

Branches:
Dungeon (4/15)
 Temple: D:4-7

Altars:
Cheibriados

Annotations:
D:4 Edmund


Innate Abilities, Weirdness & Mutations

You have a pair of horns on your head.
You reflexively headbutt those who attack you in melee.


Message History

You feel drained.
A kobold comes into view. It is wielding a +0 dagger.
You completely miss Edmund.
Edmund hits you with a +0 flail of draining.
You feel drained.
You hit Edmund. Your headbutt misses Edmund.
Edmund is lightly wounded.
You block Edmund's attack.
You hit Edmund. You headbutt Edmund!
Edmund is moderately wounded.
Edmund hits you with a +0 flail of draining.
You feel drained.
You hit Edmund. Your headbutt misses Edmund.
Edmund is moderately wounded.
Edmund zaps a wand.
The roots erupt in riotous growth!
The grasping roots grab you!
Edmund is unaffected.
The grasping roots constrict you.
You hit Edmund. You headbutt Edmund.
Edmund is heavily wounded.
You hit Edmund but do no damage.
Edmund is heavily wounded.
Edmund closely misses you. The grasping roots constrict you.
You hit Edmund but do no damage.
Edmund is heavily wounded.
Edmund hits you with a +0 flail of draining!
You feel drained. The grasping roots constrict you.
* * * LOW HITPOINT WARNING * * *
You barely miss Edmund.
Edmund is heavily wounded.
Edmund hits you with a +0 flail of draining.
* * * LOW HITPOINT WARNING * * *
You feel drained. The grasping roots constrict you!
* * * LOW HITPOINT WARNING * * *
The grasping roots release their grip on you.
You barely miss Edmund.
Edmund is heavily wounded.
Edmund hits you with a +0 flail of draining.
* * * LOW HITPOINT WARNING * * *
You feel drained.
You die...

#.>.......#
#.#######.# ###### #.#
#.# .....# #####.#####
#.# .###.###...[.....#
#.# .>....##.###.###.#
#.# ...#..##.# #.# #.#
#.# .#.#..##.#
#.###.###.# .........#
#....@....#
#####.##########@#####
..#.......# #K#
...)......# #.#
#.#>......# #(.
#.#...#...# ##.
#.#.......# .
#.#.......# (#
..........#


You could see Edmund and a kobold.

Vanquished Creatures
  Grinder (D:3)
  A scorpion (D:4)
  A hound (D:4)
  Natasha (thrice) (D:4)
  2 adders
  A worm (D:2)
  7 dart slugs
  4 orcs
  5 ball pythons
  5 bats
  7 endoplasms
  4 giant cockroaches
  4 goblins
  6 hobgoblins
  4 jackals
  4 kobolds
  4 quokkas
  2 frilled lizards (D:2)
  7 rats
72 creatures vanquished.

Vanquished Creatures (others)
  4 plants
4 creatures vanquished.

Grand Total: 76 creatures vanquished

Notes
Turn   | Place    | Note
-------+----------+-------------------------------------------
     0 | D:1      | RascalDebosk the Minotaur Monk began the quest for the Orb.
     0 | D:1      | Reached XP level 1. HP: 19/19 MP: 0/0
   304 | D:1      | Found a faded altar of an unknown god.
   308 | D:1      | Reached XP level 2. HP: 24/27 MP: 1/1
  1012 | D:2      | Reached XP level 3. HP: 33/33 MP: 2/2
  1251 | D:2      | Reached skill level 1 in Invocations
  1404 | D:2      | Reached skill level 1 in Throwing
  1773 | D:3      | Reached XP level 4. HP: 38/40 MP: 3/3
  2093 | D:3      | Found a snail-covered altar of Cheibriados.
  2159 | D:3      | Noticed Grinder
  2165 | D:3      | Paralysed by Grinder for 3 turns
  2170 | D:3      | Paralysed by Grinder for 2 turns
  2183 | D:3      | Killed Grinder
  2184 | D:3      | Reached skill level 1 in Shields
  2184 | D:3      | Reached XP level 5. HP: 9/47 MP: 3/5
  2184 | D:3      | Reached XP level 6. HP: 11/53 MP: 3/6
  2862 | D:4      | Noticed Natasha
  2878 | D:4      | Killed Natasha
  2885 | D:4      | Noticed Natasha
  2900 | D:4      | Killed Natasha
  3217 | D:4      | Noticed Natasha
  3231 | D:4      | Killed Natasha
  3409 | D:4      | Noticed Edmund
  3421 | D:4      | HP: 1/48 [Edmund/+0 flail of draining (4)]
  3421 | D:4      | Slain by Edmund

Illustrated notes

Levels and vault maps discovered:
D:1:      minmay_arrival_four_loops, layout_basic,
          hellmonk_ecumenical_altar_lost_god, minmay_stone_trees_medium
D:2:      layout_rooms, serial_glass, glass_columns_c, glass_columns_c,
          serial_bayou_ford_a
D:3:      layout_loops_ring, overflow_temple_1_default, uniq_grinder
D:4:      layout_loops_cross, serial_forest, infiniplex_forest_end_3,
          infiniplex_forest_zigzag_1, infiniplex_forest_straight_1,
          infiniplex_forest_clump_curved, infiniplex_forest_clump_diagonal,
          infiniplex_forest_clump_small, infiniplex_forest_lined_room_,
          infiniplex_forest_lined_3, infiniplex_forest_3_way, uniq_natasha,
          uniq_edmund, uniq_crazy_yiuf_cottage

Skill      XL: |  1  2  3  4  5  6 |
---------------+-------------------+-----
Invocations    | 1 2 |  2.2
Throwing       | 1 2 |  2.3
Stealth        | 2 |  2.1
Fighting       | 4 |  4.8
Polearms       | 4 |  4.6
Dodging        | 4 |  4.1
Shields        | 1 2 |  2.0
Evocations     | 2 |  2.6
Armour         | |  0.8

Action                   |  1- 3 |  4- 6 || total
-------------------------+-------+-------++-------
Melee: Spear             |    95 |   128 ||   223
       Headbutt          |    23 |    16 ||    39
Throw: Javelin           |     1 |     3 ||     4
Evoke: Wand              |       |     2 ||     2
  Use: Scroll            |       |     4 ||     4
 Stab: Sleeping          |     3 |     2 ||     5
       Invisible         |       |     2 ||     2
       Distracted        |       |     1 ||     1
Armor: Robe              |     6 |       ||     6
       Leather armour    |     1 |     9 ||    10
       Chain mail        |       |    18 ||    18
Dodge: Dodged            |    36 |    50 ||    86
Block: Buckler           |     9 |    23 ||    32
